 Dungeon Crawl Stone Soup version 0.22-a0-303-g4a852b3 (webtiles) character file.

508756 Fingolfin the Sharpshooter (level 26, -2/204 HPs)
             Began as a Formicid Fighter on Mar 27, 2018.
             Was the Champion of Zin.
             Slain by a stone giant (21 damage)
             ... created by the fury of Okawaru
             ... on level 2 of the Depths.
             The game lasted 04:22:51 (52051 turns).

Fingolfin the Sharpshooter (Formicid Fighter)      Turns: 52051, Time: 04:22:52

Health: -2/204     AC: 30    Str: 37    XL:     26   Next: 76%
Magic:  35/35      EV: 28    Int: 19    God:    Zin [******]
Gold:   2168       SH:  0    Dex: 23    Spells: 35/41 levels left

rFire    + . .     SeeInvis +   a - +9 lajatang (elec)
rCold    + + .     Gourm    .   t - +2 large shield {rC+}
rNeg     + + .     Faith    +   s - +0 storm dragon scales
rPois    ∞         Spirit   .   (helmet unavailable)
rElec    +         Reflect  .   y - +4 cloak of the Unstoppable Hells {*Drain rF+ Regen+}
rCorr    .         Harm     .   P - +2 pair of gloves {Str+3}
MR       ++...                  R - +2 pair of boots {run}
Stlth    ..........             o - amulet of faith
HPRegen  0.84/turn              v - ring "Tivobyepe" {+Fly rN+ Dex+7 SInv}
MPRegen  0.24/turn              j - ring "Famosk" {rC+ rN+ Str+2 Int+2 Dex-3}

@: confused, agile, vitalised, quick
A: permanent stasis, dig shafts and tunnels, four strong arms, antennae 3
}: 2/15 runes: serpentine, barnacled
a: Dig, Shaft Self, Recite, Vitalisation, Imprison, Sanctuary, Donate Gold,
Renounce Religion, Evoke Flight


You were on level 2 of the Depths.
You worshipped Zin.
Zin was exalted by your worship.
You were not hungry.

You visited 10 branches of the dungeon, and saw 44 of its levels.
You visited the Abyss 2 times.
You also visited: Labyrinth, Sewer, Ossuary and Wizlab.

You collected 6212 gold pieces.
You spent 2432 gold pieces at shops.
You donated 1612 gold pieces to Zin.

Inventory:

Hand Weapons
 a - a +9 lajatang of electrocution (weapon)
 b - a +8 arbalest of electrocution
 w - the +7 lajatang of Order {silver, rMut}
   (You bought it in a shop on level 2 of the Orcish Mines)

   It protects you from mutation.
Missiles
 h - 1947 bolts
Armour
 s - +0 storm dragon scales (worn)
 t - a +2 large shield of cold resistance (worn)
 y - the +4 cloak of the Unstoppable Hells (worn) {*Drain rF+ Regen+}
   (Okawaru gifted it to you on level 4 of the Snake Pit)

   It protects you from fire.
   It increases your rate of regeneration.
   It causes draining when unequipped.
 O - a scarf of resistance
 P - a +2 pair of gloves of strength (worn)
 R - a +2 pair of boots of running (worn)
 Y - a +2 cloak of invisibility
Jewellery
 c - the ring "Idyfuqufu" {*Tele +Blink rPois rC+++ Int-4}
   (You took it off a deep elf annihilator on level 3 of the Elven Halls)

   [ring of teleportation]

   It may teleport you next to monsters.
   It affects your intelligence (-4).
   It renders you almost immune to cold.
   It protects you from poison.
   It lets you blink.
 j - the ring "Famosk" (right hand) {rC+ rN+ Str+2 Int+2 Dex-3}
   (You found it on level 3 of the Crypt)

   [ring of intelligence]

   It affects your strength (+2).
   It affects your intelligence (+2).
   It affects your dexterity (-3).
   It protects you from cold.
   It protects you from negative energy.
 n - an uncursed ring of protection from fire
 o - an amulet of faith (around neck)
 q - an uncursed ring of protection from magic
 v - the ring "Tivobyepe" (left hand) {+Fly rN+ Dex+7 SInv}
   (You found it on level 5 of the Lair of Beasts)

   [ring of flight]

   It affects your dexterity (+7).
   It protects you from negative energy.
   It lets you see invisible.
   It lets you fly.
Wands
 p - a wand of enslavement (11)
 x - a wand of acid (25)
 Q - a wand of paralysis (74)
 T - a wand of iceblast (47)
 W - a wand of disintegration (65)
Scrolls
 e - 15 scrolls of remove curse
 g - 7 scrolls of amnesia
 l - 3 scrolls of fear
 u - 16 scrolls of identify
 z - 4 scrolls of enchant armour
 K - a scroll of holy word
 L - 2 scrolls of summoning
 N - 2 scrolls of brand weapon
 V - 17 scrolls of fog
Potions
 d - 4 potions of might
 i - 13 potions of curing
 m - a potion of mutation
 r - 3 potions of invisibility
 C - a potion of resistance
 E - 7 potions of flight
 G - 5 potions of agility
 I - a potion of ambrosia
Miscellaneous
 A - a lamp of fire
 F - a fan of gales
 H - 3 phantom mirrors
 U - a lightning rod (4/4)
Comestibles
 f - 58 rations


   Skills:
 - Level 16.0 Fighting
   Level 10.8(14.0) Maces & Flails
 - Level 14.8(16.0) Staves
 - Level 18.0 Crossbows
 - Level 16.0 Armour
 - Level 16.0 Dodging
 - Level 8.0 Stealth
 - Level 15.0 Shields
 - Level 8.0 Spellcasting
 - Level 9.0 Hexes
 - Level 9.0 Charms
 + Level 7.5 Translocations
 - Level 13.0 Invocations
 - Level 12.0 Evocations


You had 35 spell levels left.
You knew the following spells:

 Your Spells              Type           Power        Failure   Level  Hunger
a - Spectral Weapon       Hex/Chrm       #####...     1%          3    None
b - Portal Projectile     Hex/Tloc       #####.       2%          3    None


Dungeon Overview and Level Annotations

Branches:
Dungeon (15/15)            Temple (1/1) D:7            Lair (6/6) D:9
 Shoals (4/4) Lair:3        Snake (4/4) Lair:3        Slime (0/5) Lair:6
    Orc (2/2) D:9             Elf (3/3) Orc:2        Vaults (4/5) D:13
  Crypt (3/3) Vaults:2       Tomb (0/3) Crypt:3      Depths (2/5) D:15

Altars:
Ashenzari
Cheibriados
Dithmenos
Elyvilon
Fedhas
Gozag
Hepliaklqana
Kikubaaqudgha
Makhleb
Nemelex Xobeh
Okawaru
Qazlal
Ru
Sif Muna
Trog
Uskayaw
Vehumet
Wu Jian
Xom
Yredelemnul
Zin
The Shining One
Beogh
Jiyva

Shops:
D:7 *:   Orc:1 =   Orc:2 !(%%   Elf:1 (   Elf:3 %   Vaults:2 (

Portals:
Hell: Depths:1
Pandemonium: Depths:1


Innate Abilities, Weirdness & Mutations

You cannot be hasted, slowed, berserked, paralysed or teleported.
You can dig through walls and to a lower floor.
Your four strong arms can wield two-handed weapons with a shield.
You have a pair of large antennae on your head. (SInv)


Message History

The titan hits you!!
* * * LOW HITPOINT WARNING * * *
Unknown command.
You hit the titan but do no damage.
The titan is almost dead.
The titan casts a spell at you. The bolt of lightning misses you.
The bolt of lightning hits you! You resist.
* * * LOW HITPOINT WARNING * * *
The bolt of lightning hits the titan.
The titan completely resists.
The bolt of lightning hits the titan.
The titan completely resists.
You hit the titan.
You kill the titan!
That felt strangely unrewarding.
You extend your mandibles.
You dig through the rock wall.
You dig through the rock wall.
You are confused.
You feel invigorated. The stone giant hits you!!
You die...

..... ###.#.
....#.#... .. #...
#......#. #. #...
.......##.#######
.........#...#...
#..C.#.#...#...
#...[..#..#..#
#####...)C.)###.#.
#@#{#{{.C..).###..
##C#.###......#...
##### ##......†..
########.# #.†##
####


You could see a stone giant.

Vanquished Creatures
  Mennas (Crypt:2)
  2 ancient liches
  A caustic shrike (Depths:2)
  A bone dragon (Abyss:2)
  Jorgrun (Crypt:2)
  2 liches (Crypt:3)
  9 titans
  10 deep elf blademasters
  6 deep elf master archers
  A kraken (Shoals:3)
  2 sphinxes
  A shadow dragon (Depths:2)
  2 ancient champions
  4 revenants (Crypt:3)
  A storm dragon (Vaults:4)
  Kirke (Snake:4)
  14 deep elf sorcerers
  14 fire giants
  16 nagarajas
  Ilsuiw (Shoals:4)
  11 frost giants
  9 ghouls
  5 deep elf elementalists
  Aizul (Snake:1)
  8 vault wardens
  2 curse skulls (Crypt:3)
  A caustic shrike skeleton (Depths:2)
  8 ironheart preservers
  13 stone giants
  Nessos (D:14)
  9 very ugly things
  9 vampire knights
  3 entropy weavers
  7 deep elf demonologists
  A red draconian (Depths:2)
  2 white draconians (Depths:2)
  A yellow draconian (Depths:2)
  6 deep elf annihilators
  A black draconian (Depths:1)
  A starcursed mass (Abyss:2)
  A minotaur (Lab)
  7 eidola
  The ghost of whitenoisemaker the Nimble, a journeyman TrMo of Cheibriados (D:11)
  Josephine (Lair:5)
  8 ettins
  5 merfolk javelineers (Shoals:4)
  A green death (Abyss:2)
  10 merfolk impalers
  Snorg (D:11)
  5 fire dragons
  A blizzard demon (Depths:1)
  5 deep elf high priests
  5 great orbs of eyes
  13 deep elf death magi
  2 jiangshi
  7 yaktaur captains
  A quicksilver dragon skeleton (Crypt:2)
  The ghost of whitenoisemaker the Grappler, a journeyman TrMo (D:12)
  6 vault guards (Vaults:1)
  25 naga warriors
  A monstrous demonspawn (Depths:1)
  2 hydras
  A rakshasa (Vaults:2)
  Fannar (Orc:1)
  4 ice dragons
  A spriggan air mage (Depths:2)
  A spectral stone giant (Crypt:3)
  Erica (D:11)
  17 centaur warriors
  2 satyrs
  A catoblepas (D:14)
  56 two-headed ogres
  2 merfolk avatars
  20 ogre magi
  2 tengu warriors
  13 anacondas
  9 merfolk aquamancers
  4 deep troll shamans
  2 death knights
  An alligator snapping turtle (Shoals:3)
  6 death yaks (Lair:5)
  A spectral dire elephant (Crypt:3)
  3 deep troll earth magi
  3 spriggan berserkers (Depths:2)
  25 dancing weapons
  19 naga sharpshooters
  5 vampire magi
  A storm dragon zombie (Crypt:3)
  Nergalle (Lair:3)
  6 shock serpents
  4 orc high priests
  10 hell knights
  3 soul eaters
  The ghost of darksquall the Blocker, a novice HOFi of Qazlal (D:7)
  41 deep elf knights
  3 salamander mystics
  2 fire crabs (shapeshifter)
  A sixfirhy (Depths:1)
  23 skeletal warriors
  A spectral anaconda (Crypt:3)
  A spectral catoblepas (Crypt:3)
  16 shadow wraiths
  A storm dragon skeleton (Vaults:2)
  23 deep elf archers
  10 sea snakes
  5 flayed ghosts
  8 wizards
  4 glowing orange brains
  12 deep trolls
  A swamp dragon (Lair:6)
  A spectral iron dragon (Crypt:3)
  3 unseen horrors
  10 naga ritualists
  27 phantasmal warriors
  Pikel (D:8)
  2 orange crystal statues
  7 necromancers
  8 ironbrand convokers
  9 harpies (Shoals:4)
  A lindwurm (Lair:6)
  16 orc knights
  7 mana vipers
  A wolf spider (Vaults:4)
  79 deep elf magi
  8 fauns
  A shining eye (shapeshifter) (Depths:2)
  5 orc sorcerers (Orc:2)
  5 cyclopes
  14 salamanders
  42 ugly things
  8 manticores
  A moth of wrath (shapeshifter) (D:14)
  A fire giant zombie (Vaults:1)
  2 centaur zombies
  11 vault sentinels
  A stone giant skeleton (Crypt:1)
  2 rust devils
  13 water nymphs
  39 black mambas
  2 smoke demons (Abyss:2)
  4 centaur skeletons
  9 spiny frogs
  15 merfolk sirens
  A gargoyle (D:14)
  18 naga magi
  6 guardian serpents
  A white draconian zombie (Crypt:3)
  5 spectral swamp worms (Depths:1)
  2 rime drakes
  A komodo dragon (shapeshifter) (Vaults:3)
  A sea snake zombie (Crypt:2)
  4 komodo dragons
  2 yaktaurs (shapeshifter)
  A kobold demonologist (D:13)
  An ancient zyme (Abyss:2)
  13 freezing wraiths
  51 yaktaurs
  An ice devil (Depths:1)
  6 human skeletons
  2 harpy zombies (Shoals:3)
  A yaktaur skeleton (Vaults:2)
  A meliai (shapeshifter) (Depths:2)
  A silent spectre (Abyss:2)
  3 meliai (D:14)
  A guardian mummy (Crypt:1)
  34 merfolk
  A wind drake (shapeshifter) (Depths:2)
  A polar bear (shapeshifter) (Vaults:3)
  2 blink frogs (shapeshifter)
  17 slime creatures
  A polar bear (Lair:6)
  6 trolls
  16 blink frogs
  4 wind drakes
  3 hornets
  18 dream sheep
  4 raiju (Abyss:2)
  7 hippogriffs
  A fire dragon zombie (Crypt:2)
  8 snapping turtles
  2 bog bodies
  16 flying skulls
  A redback (shapeshifter) (Vaults:2)
  7 shadows
  3 air elementals
  A vampire (WizLab)
  9 wraiths
  A tyrant leech zombie (Crypt:1)
  70 yaks
  Sigmund (D:4)
  A golden eye (shapeshifter) (Vaults:3)
  29 water elementals
  5 wyverns
  A yak (shapeshifter) (Vaults:1)
  A neqoxec (Abyss:2)
  7 hogs
  6 hungry ghosts
  3 steam dragons (Lair:6)
  2 fire elementals
  4 human simulacra
  3 basilisks
  A basilisk (shapeshifter) (Vaults:4)
  2 vampire mosquitoes (D:13)
  A chaos spawn (Abyss:2)
  2 humans
  5 small abominations
  69 nagas
  7 wargs
  7 two-headed ogre zombies (WizLab)
  An acid dragon (Lair:6)
  A soldier ant (shapeshifter) (Elf:3)
  5 water moccasins
  3 large abominations (Abyss:2)
  A merfolk skeleton (Crypt:3)
  6 porcupines
  2 swamp drakes (Lair:6)
  An ogre skeleton (Vaults:1)
  3 slaves (D:8)
  49 ogres
  3 ice beasts
  6 phantoms
  4 sky beasts
  A black bear (D:8)
  41 orc warriors
  An eye of draining (D:10)
  10 boggarts
  A hornet zombie (Vaults:1)
  13 wolves
  2 necrophages
  A blink frog skeleton (Crypt:1)
  16 centaurs
  An elephant skeleton (Crypt:3)
  A snapping turtle skeleton (Crypt:2)
  An elf skeleton (Vaults:3)
  13 crocodiles
  A hippogriff zombie (Shoals:3)
  3 big kobolds
  8 bullfrogs
  A draconian zombie (Crypt:1)
  3 earth elementals
  A glowing shapeshifter simulacrum (Vaults:3)
  A wyvern zombie (D:6)
  2 wyvern skeletons
  11 troll zombies (WizLab)
  3 scorpions
  3 killer bees (D:5)
  An orc simulacrum (Vaults:1)
  20 wights
  5 howler monkeys
  6 electric eels
  3 bullfrog zombies
  12 crimson imps
  3 quasits
  5 hounds
  2 jellies
  Crazy Yiuf (D:2)
  2 human zombies (Crypt:1)
  29 orc priests
  2 bullfrog skeletons
  A porcupine zombie (Crypt:2)
  5 iguanas
  25 orc wizards
  10 worker ants
  A porcupine skeleton (Crypt:2)
  A deep dwarf zombie (Crypt:1)
  5 ogre zombies (WizLab)
  A sky beast zombie (Crypt:2)
  2 crocodile zombies
  13 mummies
  15 adders
  5 shadow imps
  3 white imps
  3 ufetubi (Depths:1)
  2 oozes
  An adder zombie (D:6)
  4 worms
  2 dart slugs
  5 leopard geckos
  95 orcs
  4 ball pythons
  2 bat zombies
  10 giant cockroaches
  A gnoll zombie (Ossuary)
  14 goblins
  7 hobgoblins
  16 jackals
  2 quokkas
  2 ball python zombies
  5 bats
  8 frilled lizards
  A frilled lizard skeleton (Crypt:2)
  2 giant cockroach zombies
  4 hobgoblin zombies (Ossuary)
  10 kobolds
  A kobold zombie (Ossuary)
  2 orc zombies (Ossuary)
  4 rats
  A crawling corpse (Elf:3)
  A pillar of salt (Crypt:3)
  3 plants
  5 tentacles (Shoals:3)
2163 creatures vanquished.

Vanquished Creatures (others)
  A deep elf blademaster (Crypt:3)
  A fire giant (Depths:2)
  A merfolk aquamancer (Shoals:3)
  2 dancing weapons (Elf:2)
  A necromancer (Vaults:2)
  A bog body (Crypt:1)
  2 flying skulls (Crypt:3)
  A slave (D:8)
  3 ogres
  An electric eel (Lair:5)
  An adder skeleton (D:5)
  2 orcs
  A kobold (D:13)
  A crawling corpse (Vaults:2)
  7 fungi
  24 plants
  42 spectral weapons
  12 tentacles (Shoals:3)
104 creatures vanquished.

Grand Total: 2267 creatures vanquished

Notes
Turn   | Place    | Note
-------+----------+-------------------------------------------
     0 | D:1      | Fingolfin the Formicid Fighter began the quest for the Orb.
     0 | D:1      | Reached XP level 1. HP: 18/18 MP: 1/1
    54 | D:1      | Reached XP level 2. HP: 24/24 MP: 2/2
   354 | D:1      | Reached XP level 3. HP: 29/29 MP: 3/3
  1110 | D:2      | Reached XP level 4. HP: 30/35 MP: 4/4
  1284 | D:2      | Found a runed door.
  1288 | D:2      | Noticed Crazy Yiuf
  1298 | D:2      | Killed Crazy Yiuf
  1366 | D:2      | Reached XP level 5. HP: 34/41 MP: 5/5
  1576 | D:3      | Reached skill level 5 in Staves
  1698 | D:3      | Reached XP level 6. HP: 47/47 MP: 6/6
  1830 | D:3      | Noticed an ogre
  1842 | D:3      | Killed an ogre
  2238 | D:4      | Reached XP level 7. HP: 52/52 MP: 7/7
  2543 | D:4      | Found a glowing drain.
  2582 | Sewer    | Entered a sewer
  2781 | D:4      | Noticed Sigmund
  2795 | D:4      | Killed Sigmund
  3285 | D:5      | Entered Level 5 of the Dungeon
  3294 | D:5      | Found a sand-covered staircase.
  3319 | Ossuary  | Entered an ossuary
  3337 | Ossuary  | Reached XP level 8. HP: 58/58 MP: 8/8
  3574 | D:5      | Reached skill level 5 in Fighting
  4083 | D:6      | Reached XP level 9. HP: 68/71 MP: 9/9
  4785 | D:6      | Reached skill level 5 in Armour
  4901 | D:7      | Found Ruimumad's Book Shop.
  4910 | D:7      | Found Ipeariv's Assorted Antiques.
  4914 | D:7      | Found a basalt altar of Yredelemnul.
  4915 | D:7      | Noticed darksquall's ghost (novice HOFi)
  4934 | D:7      | Killed darksquall's ghost
  4959 | D:7      | Bought a scroll labeled WUYHELL CONOHAZ for 24 gold pieces
  4959 | D:7      | Bought a scroll labeled UMOLEI YFRIVA for 24 gold pieces
  4959 | D:7      | Bought a scroll labeled VUWULI TAQIRIC for 24 gold pieces
  4959 | D:7      | Bought a ring of dexterity for 48 gold pieces
  4959 | D:7      | Bought a scroll labeled CETHAUVYTZ for 24 gold pieces
  4959 | D:7      | Bought an iron wand for 96 gold pieces
  4959 | D:7      | Bought a scroll labeled VUWULI TAQIRIC for 24 gold pieces
  4959 | D:7      | Bought a papyrus book for 360 gold pieces
  5031 | D:7      | Reached XP level 10. HP: 51/80 MP: 10/10
  5086 | D:7      | Reached skill level 1 in Maces & Flails
  5165 | D:7      | Found a staircase to the Ecumenical Temple.
  5172 | Temple   | Entered the Ecumenical Temple
  5263 | Temple   | Became a worshipper of Warmaster Okawaru
  5340 | D:7      | Reached skill level 5 in Maces & Flails
  5347 | D:7      | Reached * piety under Okawaru
  5415 | D:7      | Found Wigimp's Magic Scroll Shop.
  5863 | D:8      | Found an opulent altar of Gozag.
  5936 | D:8      | Noticed a two-headed ogre
  5946 | D:8      | Killed a two-headed ogre
  5946 | D:8      | Reached ** piety under Okawaru
  5955 | D:8      | Reached skill level 1 in Invocations
  6210 | D:8      | Noticed Pikel
  6224 | D:8      | Killed Pikel
  6224 | D:8      | Reached skill level 5 in Invocations
  6224 | D:8      | Reached XP level 11. HP: 79/86 MP: 12/14
  6552 | D:8      | Reached skill level 1 in Dodging
  6778 | D:8      | Reached *** piety under Okawaru
  6849 | D:8      | Reached skill level 5 in Dodging
  7132 | D:8      | Reached **** piety under Okawaru
  7931 | D:9      | Found a staircase to the Lair.
  8468 | D:9      | Noticed a two-headed ogre
  8480 | D:9      | Killed a two-headed ogre
  8480 | D:9      | Reached ***** piety under Okawaru
  8581 | D:9      | Found a staircase to the Orcish Mines.
  8690 | D:10     | Entered Level 10 of the Dungeon
  8862 | D:10     | Noticed an unseen horror
  8903 | D:10     | Killed an unseen horror
  8903 | D:10     | Reached XP level 12. HP: 57/92 MP: 16/16
  9415 | D:10     | Reached skill level 5 in Shields
  9823 | D:11     | Noticed a two-headed ogre
  9836 | D:11     | Killed a two-headed ogre
  9836 | D:11     | Received a gift from Okawaru
 10019 | D:11     | Noticed whitenoisemaker's ghost (journeyman TrMo)
 10029 | D:11     | Killed whitenoisemaker's ghost
 10343 | D:11     | Found an iron altar of Okawaru.
 10345 | D:11     | Noticed a centaur warrior
 10567 | D:11     | Noticed a centaur warrior
 10588 | D:11     | Killed a centaur warrior
 10603 | D:11     | Noticed a centaur warrior
 10606 | D:11     | Killed a centaur warrior
 10626 | D:11     | Killed a centaur warrior
 10629 | D:11     | Noticed a deep elf knight
 10650 | D:11     | Killed a deep elf knight
 10650 | D:11     | Received a gift from Okawaru
 11025 | D:11     | Noticed Erica
 11028 | D:11     | Noticed a centaur warrior
 11028 | D:11     | Reached XP level 13. HP: 79/98 MP: 17/17
 11049 | D:11     | Killed a centaur warrior
 11049 | D:11     | Reached ****** piety under Okawaru
 11049 | D:11     | Reached skill level 10 in Maces & Flails
 11055 | D:11     | Killed Erica
 11187 | D:11     | Got a fine quarterstaff {pain}
 11188 | D:11     | Identified the +8 quarterstaff "Dirhubag" {pain, rElec} (You took it off an orc warrior on level 11 of the Dungeon)
 11295 | D:11     | Got a polished scale mail
 11309 | D:11     | Identified the cursed +0 scale mail of Syndicalism {rC+ rN+ MR+ Int-5} (You took it off an orc knight on level 11 of the Dungeon)
 11331 | D:11     | Got a pair of shimmering gloves
 11342 | D:11     | Identified the +1 pair of gloves of the Equator {Str+2} (You found it on level 11 of the Dungeon)
 11436 | D:11     | Reached skill level 1 in Evocations
 11808 | D:11     | Noticed Snorg
 11819 | D:11     | Killed Snorg
 11847 | D:11     | Reached skill level 5 in Evocations
 12020 | Lair:1   | Entered Level 1 of the Lair of Beasts
 12619 | Lair:2   | You fall through a shaft for 2 floors!
 12723 | Lair:3   | Noticed Nergalle
 12731 | Lair:3   | Killed Nergalle
 12745 | Lair:3   | Found a staircase to the Snake Pit.
 12801 | Lair:3   | Identified Afrux's Disquisition on Lucky Darkness
 12969 | Lair:3   | Noticed a six-headed hydra
 12987 | Lair:3   | Killed a six-headed hydra
 13109 | Lair:2   | Received a gift from Okawaru
 13812 | Lair:3   | Found a white marble altar of Elyvilon.
 13950 | Lair:3   | Found a staircase to the Shoals.
 14355 | Lair:4   | Reached skill level 10 in Evocations
 14558 | Lair:4   | Reached XP level 14. HP: 91/105 MP: 21/21
 15044 | Lair:5   | Received a gift from Okawaru
 15417 | Lair:5   | Received a gift from Okawaru
 15421 | Lair:5   | Reached skill level 10 in Staves
 15430 | Lair:5   | Got an encrusted flail {god gift}
 15445 | Lair:5   | Noticed Josephine
 15479 | Lair:5   | Killed Josephine
 15815 | Lair:5   | Got a steaming pewter ring
 15817 | Lair:5   | Identified the ring "Tivobyepe" {+Fly rN+ Dex+7 SInv} (You found it on level 5 of the Lair of Beasts)
 16247 | Lair:6   | Entered Level 6 of the Lair of Beasts
 16262 | Lair:6   | Received a gift from Okawaru
 16750 | Lair:6   | Found a viscous altar of Jiyva.
 16750 | Lair:6   | Found a staircase to the Slime Pits.
 17336 | Lair:6   | Reached XP level 15. HP: 42/110 MP: 16/24
 17589 | Orc:1    | Entered Level 1 of the Orcish Mines
 17622 | Orc:1    | Noticed Fannar
 17626 | Orc:1    | Killed Fannar
 17734 | Orc:1    | Found Vog Zeko's Jewellery Shoppe.
 18076 | Orc:2    | Entered Level 2 of the Orcish Mines
 18164 | Orc:2    | Found a staircase to the Elven Halls.
 18354 | Orc:2    | Found a roughly hewn altar of Beogh.
 18608 | Orc:2    | Reached skill level 10 in Invocations
 18682 | Orc:2    | Received a gift from Okawaru
 18742 | Orc:2    | Found Lum Saist's Food Shoppe.
 18742 | Orc:2    | Found Gatit's Food Shoppe.
 18743 | Orc:2    | Found Oqit's Distillery.
 18748 | Orc:2    | Found Massakhu's Antique Weapon Boutique.
 18772 | Orc:2    | Bought the +7 lajatang of Order {silver, rMut} for 1502 gold pieces
 18772 | Orc:2    | Found the +7 lajatang of Order {silver, rMut}
 18780 | Orc:2    | Bought a potion of agility for 68 gold pieces
 18780 | Orc:2    | Bought a potion of lignification for 51 gold pieces
 18780 | Orc:2    | Bought a potion of flight for 51 gold pieces
 18780 | Orc:2    | Bought a potion of curing for 51 gold pieces
 18780 | Orc:2    | Bought a potion of heal wounds for 85 gold pieces
 18845 | Elf:1    | Entered Level 1 of the Elven Halls
 19629 | Elf:1    | Noticed a deep elf sorcerer
 19640 | Elf:1    | Killed a deep elf sorcerer
 19641 | Elf:1    | Reached skill level 1 in Stealth
 19999 | Elf:1    | Received a gift from Okawaru
 20076 | Elf:1    | Reached XP level 16. HP: 96/117 MP: 25/25
 20122 | Elf:1    | Reached skill level 5 in Stealth
 20173 | Elf:1    | Found Migh's Weapon Emporium.
 20664 | Elf:2    | Noticed a deep elf sorcerer
 20675 | Elf:2    | Killed a deep elf sorcerer
 20959 | Elf:2    | Found a runed gate.
 20959 | Elf:2    | Found a runed gate.
 20960 | Elf:2    | Found a runed gate.
 20985 | Elf:2    | Reached skill level 10 in Fighting
 21307 | Elf:2    | Received a gift from Okawaru
 22060 | Elf:3    | Entered Level 3 of the Elven Halls
 22185 | Elf:3    | Received a gift from Okawaru
 22185 | Elf:3    | Reached XP level 17. HP: 133/133 MP: 26/26
 22708 | Elf:3    | Found Kualepn's Food Boutique.
 22817 | Elf:3    | Reached skill level 10 in Armour
 22840 | Elf:3    | Noticed a deep elf blademaster
 22841 | Elf:3    | Noticed a deep elf blademaster
 22855 | Elf:3    | Killed a deep elf blademaster
 22867 | Elf:3    | Cast into level 2 of the Abyss (a deep elf demonologist)
 22867 | Abyss:2  | Found a corrupted altar of Lugonu.
 23344 | Abyss:2  | Noticed a bone dragon
 23365 | Abyss:2  | Killed a bone dragon
 23511 | Abyss:2  | Received a gift from Okawaru
 23543 | Abyss:2  | Gained mutation: Scrolls take you a little longer to read. [a neqoxec]
 23551 | Abyss:2  | Lost mutation: Scrolls take you a little longer to read. [potion of mutation]
 23551 | Abyss:2  | Gained mutation: You are clumsy. (Dex -2) [potion of mutation]
 23551 | Abyss:2  | Gained mutation: You occasionally shout uncontrollably at your foes. [potion of mutation]
 23551 | Abyss:2  | Gained mutation: You are surrounded by a mild repulsion field. (EV +2) [potion of mutation]
 23551 | Abyss:2  | Gained mutation: You possess an exceptional clarity of mind. [potion of mutation]
 23553 | Elf:3    | Escaped the Abyss
 23553 | Elf:3    | Noticed a deep elf blademaster
 23581 | Elf:3    | Killed a deep elf blademaster
 23583 | Elf:3    | Killed a deep elf blademaster
 23595 | Elf:3    | Reached skill level 10 in Dodging
 23947 | Elf:3    | Received a gift from Okawaru
 23951 | Elf:3    | Got a faintly glowing steel ring
 23953 | Elf:3    | Identified the ring "Idyfuqufu" {*Tele +Blink rPois rC+++ Int-4} (You took it off a deep elf annihilator on level 3 of the Elven Halls)
 23964 | Elf:3    | Noticed a deep elf master archer
 23983 | Elf:3    | Killed a deep elf master archer
 23997 | Elf:3    | Received a gift from Okawaru
 23997 | Elf:3    | Reached XP level 18. HP: 94/140 MP: 27/27
 24019 | Elf:3    | Noticed a deep elf blademaster
 24037 | Elf:3    | Killed a deep elf blademaster
 24065 | Elf:3    | Reached skill level 10 in Shields
 24413 | Elf:3    | Got a heavily runed lapis lazuli ring
 24427 | Elf:3    | Identified the ring of Xom's Full Attention {rElec rN+} (You took it off a deep elf sorcerer on level 3 of the Elven Halls)
 24496 | Elf:3    | Received a gift from Okawaru
 24795 | Elf:3    | Learned a level 3 spell: Spectral Weapon
 25050 | Snake:1  | Entered Level 1 of the Snake Pit
 25134 | Snake:1  | Found a shattered altar of Ashenzari.
 25631 | Snake:1  | Noticed Aizul
 25645 | Snake:1  | Killed Aizul
 25846 | Snake:2  | Received a gift from Okawaru
 26039 | Snake:2  | Reached XP level 19. HP: 75/146 MP: 28/28
 26163 | Snake:2  | Reached skill level 15 in Shields
 26179 | Snake:2  | Reached skill level 1 in Hexes
 26186 | Snake:2  | Reached skill level 1 in Charms
 26192 | Snake:2  | Identified a scroll of acquirement
 26798 | Snake:2  | Received a gift from Okawaru
 26970 | Snake:3  | Reached skill level 5 in Hexes
 27304 | Snake:3  | Reached skill level 5 in Charms
 27816 | Snake:4  | Entered Level 4 of the Snake Pit
 28136 | Snake:4  | Noticed Kirke
 28149 | Snake:4  | Killed Kirke
 28149 | Snake:4  | Received a gift from Okawaru
 28150 | Snake:4  | Got a polished cloak {god gift}
 28179 | Snake:4  | Identified the +4 cloak of the Unstoppable Hells {*Drain rF+ Regen+} (Okawaru gifted it to you on level 4 of the Snake Pit)
 28870 | Snake:4  | Reached skill level 1 in Spellcasting
 29089 | Snake:4  | Reached XP level 20. HP: 152/153 MP: 29/29
 29218 | Snake:4  | Reached skill level 5 in Spellcasting
 29404 | Snake:4  | Received a gift from Okawaru
 29453 | Snake:4  | Got a serpentine rune of Zot
 30132 | Shoals:1 | Entered Level 1 of the Shoals
 30437 | Shoals:1 | Received a gift from Okawaru
 31153 | Shoals:2 | Received a gift from Okawaru
 31650 | Shoals:3 | Reached XP level 21. HP: 98/165 MP: 28/33
 31848 | Shoals:3 | Reached skill level 1 in Crossbows
 31876 | Shoals:3 | Reached skill level 2 in Crossbows
 31995 | Shoals:3 | Reached skill level 3 in Crossbows
 32457 | Shoals:3 | Reached skill level 4 in Crossbows
 32696 | Shoals:4 | Entered Level 4 of the Shoals
 32737 | Shoals:4 | Reached skill level 5 in Crossbows
 32827 | Shoals:4 | Reached skill level 6 in Crossbows
 32958 | Shoals:4 | Reached skill level 7 in Crossbows
 32964 | Shoals:4 | Received a gift from Okawaru
 33028 | Shoals:4 | Got a barnacled rune of Zot
 33059 | Shoals:4 | Noticed Ilsuiw
 33095 | Shoals:4 | Killed Ilsuiw
 33173 | Shoals:4 | Reached skill level 8 in Crossbows
 33272 | Shoals:4 | Reached skill level 9 in Crossbows
 33860 | D:12     | Noticed whitenoisemaker's ghost (journeyman TrMo)
 33886 | D:12     | Killed whitenoisemaker's ghost
 33886 | D:12     | Reached skill level 10 in Crossbows
 35037 | D:13     | Found a labyrinth entrance.
 35041 | Lab      | Entered a labyrinth
 35310 | Lab      | Found the +18 shield of the Gong {rElec rN+ MR+ EV-5}
 35322 | Lab      | Identified a +1 pair of boots of running (You found it in a labyrinth)
 35368 | D:13     | Received a gift from Okawaru
 35654 | D:13     | Reached skill level 11 in Crossbows
 35852 | D:13     | Found a gate to the Vaults.
 36231 | D:14     | Noticed Nessos
 36246 | D:14     | Killed Nessos
 36246 | D:14     | Reached XP level 22. HP: 172/172 MP: 34/34
 36749 | D:15     | Entered Level 15 of the Dungeon
 36783 | D:15     | Reached skill level 12 in Crossbows
 36833 | D:15     | Found a staircase to the Depths.
 36947 | D:15     | Got a bloodstained plate armour
 36958 | D:15     | Identified the +6 plate armour of the Land of Plenty {*Drain rN+ Str+4 Dex+6} (You found it on level 15 of the Dungeon)
 37464 | Vaults:1 | Entered Level 1 of the Vaults
 37564 | Vaults:1 | Received a gift from Okawaru
 37565 | Vaults:1 | Got a pair of twisted gloves {god gift}
 37587 | Vaults:1 | Reached skill level 13 in Crossbows
 37624 | Vaults:1 | Identified the +1 pair of gloves of Pantheism {+Blink Stlth+} (Okawaru gifted it to you on level 1 of the Vaults)
 38070 | Vaults:1 | Reached skill level 14 in Crossbows
 38358 | Vaults:1 | Reached skill level 15 in Crossbows
 38362 | Vaults:1 | Received a gift from Okawaru
 38944 | Vaults:1 | Received a gift from Okawaru
 39291 | Vaults:2 | Reached XP level 23. HP: 136/178 MP: 33/35
 39333 | Vaults:2 | Reached skill level 16 in Crossbows
 39406 | Vaults:2 | Received a gift from Okawaru
 39425 | Vaults:2 | Gained mutation: Your magical capacity is low. (-10% MP) [a cacodemon]
 39992 | Vaults:2 | Found Ofeb's Antique Weapon Shop.
 40264 | Vaults:2 | Reached skill level 17 in Crossbows
 40365 | Vaults:2 | Found a staircase to the Crypt.
 40365 | Vaults:2 | Found a basalt altar of Yredelemnul.
 40366 | Vaults:2 | Found an ancient bone altar of Kikubaaqudgha.
 41382 | Vaults:3 | Received a gift from Okawaru
 41437 | Vaults:3 | Received a gift from Okawaru
 41462 | Vaults:3 | Reached skill level 18 in Crossbows
 42118 | Vaults:3 | Reached skill level 15 in Fighting
 42279 | Vaults:3 | Reached XP level 24. HP: 189/189 MP: 31/31
 42883 | Vaults:4 | Received a gift from Okawaru
 42884 | Vaults:4 | Got an ivory triple crossbow {god gift}
 42925 | Vaults:4 | Identified the +6 triple crossbow "Duitonn" {elec, Int+3} (Okawaru gifted it to you on level 4 of the Vaults)
 43297 | Vaults:4 | Received a gift from Okawaru
 43766 | Vaults:4 | Found an ornate altar of the Wu Jian Council.
 44144 | Crypt:1  | Entered Level 1 of the Crypt
 44288 | Crypt:1  | Found a magical portal.
 44296 | WizLab   | Entered Zonguldrok's Shrine
 44604 | WizLab   | Received a gift from Okawaru
 44653 | WizLab   | Noticed an antique lich
 44655 | WizLab   | Cast into level 5 of the Abyss (an antique lich)
 44655 | Abyss:5  | Entered Level 5 of the Abyss
 44688 | WizLab   | Escaped the Abyss
 44702 | WizLab   | Killed an antique lich
 44707 | WizLab   | Found the +9 sword of Zonguldrok {reap}
 45389 | Crypt:2  | Noticed Mennas
 45417 | Crypt:2  | Killed Mennas
 45421 | Crypt:2  | Received a gift from Okawaru
 45421 | Crypt:2  | Reached XP level 25. HP: 180/197 MP: 24/31
 45511 | Crypt:2  | Noticed Jorgrun
 45520 | Crypt:2  | Killed Jorgrun
 45520 | Crypt:2  | Received a gift from Okawaru
 45542 | Crypt:2  | Reached skill level 15 in Armour
 45644 | Crypt:2  | Received a gift from Okawaru
 45645 | Crypt:2  | Got a blackened morningstar {god gift}
 46318 | Temple   | Fell from the grace of Okawaru
 46318 | Temple   | Became a worshipper of Zin the Law-Giver
 46318 | Temple   | Reached * piety under Zin
 46318 | Temple   | Reached ** piety under Zin
 46318 | Temple   | Reached *** piety under Zin
 46319 | Temple   | Donated 1404 gold pieces to Zin
 46357 | D:7      | Reached **** piety under Zin
 46423 | D:11     | Reached ***** piety under Zin
 46899 | Crypt:3  | Entered Level 3 of the Crypt
 46965 | Crypt:3  | Found a staircase to the Tomb.
 47165 | Crypt:3  | Found an ancient bone altar of Kikubaaqudgha.
 47229 | Crypt:3  | HP: 9/197 [deep elf blademaster/rapier[the fury of Okawaru] (15)]
 47451 | Crypt:3  | Got a slimy tin ring
 47452 | Crypt:3  | Identified the ring "Famosk" {rC+ rN+ Str+2 Int+2 Dex-3} (You found it on level 3 of the Crypt)
 48024 | Crypt:3  | Reached ****** piety under Zin
 48089 | Crypt:3  | Lost mutation: Your magical capacity is low. (-10% MP) [potion of mutation]
 48090 | Crypt:3  | Lost mutation: You are surrounded by a mild repulsion field. (EV +2) [potion of mutation]
 48090 | Crypt:3  | Lost mutation: You possess an exceptional clarity of mind. [potion of mutation]
 48091 | Crypt:3  | Lost mutation: You are clumsy. (Dex -2) [potion of mutation]
 48091 | Crypt:3  | Lost mutation: You occasionally shout uncontrollably at your foes. [potion of mutation]
 49097 | Depths:1 | Entered Level 1 of the Depths
 49180 | Depths:1 | Found a one-way gate leading to the halls of Pandemonium.
 49271 | Depths:1 | Found a gateway to Hell.
 49562 | Depths:1 | Reached XP level 26. HP: 200/204 MP: 35/35
 49737 | Depths:1 | Reached skill level 15 in Dodging
 50090 | Depths:1 | Learned a level 3 spell: Portal Projectile
 50842 | Depths:2 | Reached skill level 1 in Translocations
 51514 | Depths:2 | Reached skill level 5 in Translocations
 51629 | Depths:2 | Noticed an ancient lich
 51658 | Depths:2 | Killed an ancient lich
 51681 | Depths:2 | HP: 10/204 [titan/the air[the fury of Okawaru] (18)]
 51704 | Depths:2 | Zin protects you from harm!
 52046 | Depths:2 | HP: 7/204 [titan/bolt of lightning[the fury of Okawaru] (12)]
 52051 | Depths:2 | Slain by a stone giant

Vault maps used:
D:1:      dpeg_arrival_rooms_a, serial_glass, glass_columns_b, glass_columns_a,
          glass_columns_a, glass_columns_c, glass_columns_b, glass_columns_a,
          glass_columns_a, glass_columns_b
D:2:      first_ration, uniq_crazy_yiuf_cottage
D:3:      minmay_misc_feat_square
D:4:      gup_sewer_entry_glass, uniq_sigmund
D:5:      enter_ossuary_1
D:6:      serial_glass, glass_columns_a, glass_columns_b, due_unseen_surprise,
          feat_on_display
D:7:      minmay_temple_entry_mist, serial_shops, shop, shop, shop, basic_altar,
          grunt_livestock
D:8:      argonaut_augean_stables, grunt_gozag_breadcrumbs, uniq_pikel
D:9:      grunt_lair_entry_orc_guard_hut, hiddenorc1_lemuel
D:10:     minmay_misc_feat_chi
D:11:     evilmike_iron_armoury, uniq_snorg, uniq_erica
D:13:     hangedman_vaults_entry_quadrant_bands, lab_entry_generic,
          nrook_loot_triangle
D:14:     uniq_nessos
D:15:     hangedman_depths_entry_civil_slaughter, minmay_misc_feat_cross
Temple:   grunt_wide_crystal_templ
Lair:1:   serial_bayou_crossing
Lair:2:   serial_bayou, serial_bayou_shore_b, serial_bayou_lake_a,
          serial_bayou_lagoon_a, serial_bayou_pond_e
Lair:3:   minmay_shoals_entry_hut, guppyfry_snake_entry_garden, basic_altar,
          st_stairs_6, uniq_nergalle
Lair:5:   beast_lair_carwin_4, infiniplex_staircase_pool_2, uniq_josephine
Lair:6:   guppyfry_lair_end_dragon, dpeg_slime_entry_enclosed_altar
Shoals:1: nicolae_island_escapes
Shoals:3: nicolae_shoals_cliffside_cave, nicolae_shoals_undead_eyrie
Shoals:4: shoals_end_grunt_ice, shoals_ilsuiw_ice,
          nicolae_shoals_square_sea_wall
Snake:1:  basic_altar, uniq_aizul
Snake:2:  grunt_megastairs_4
Snake:4:  grunt_snake_rune_spirals, nrook_guardian_serpent_ordinary, uniq_kirke
Orc:1:    serial_shops, nicolae_shop_crystal, uniq_fannar
Orc:2:    st_orc_elflike, minmay_orc_temple_a
Elf:1:    eino_elf_arrival_customs, serial_shops, shop, hangedman_elf_disciples
Elf:3:    minmay_elf_hall_quartered_circle, serial_shops, shop, moated_statue,
          statue_in_the_mist_lemuel, grunt_ministairs_3,
          hangedman_elven_pyramids, minivault_15
Vaults:1: vaults_room_large_hall, vaults_room_ringed_pool,
          vaults_room_stairs_pillars, nicolae_vaults_yaktaur_gun_rack,
          hangedman_vaults_stretched_pinwheel, ontoclasm_vaults_chip,
          hangedman_vaults_restitches, v_pattern_5, hangedman_vaults_stream,
          v_misc_30, v_misc_22
Vaults:2: minmay_crypt_entry_necro_gods, ontoclasm_vaults_claustrophobia,
          nicolae_vaults_specimen_jars, ontoclasm_vaults_chip,
          nicolae_vaults_ring_of_whatevers, hangedman_vaults_cutoff,
          ontoclasm_vaults_fault, v_misc_14, serial_shops, shop
Vaults:3: vaults_mumra_chevron_long, hangedman_vaults_nodes,
          nicolae_vaults_network_quincunx, grunt_vaults_bifocal, st_lines,
          nicolae_vaults_little_squares_1, nicolae_vaults_back_hallway,
          v_misc_24, hangedman_vaults_snaps, vaults_room_pool,
          vaults_room_semicircle, vaults_room_large_hall
Vaults:4: hangedman_vaults_slither, vaults_dpeg_ring, ontoclasm_vaults_echo,
          ontoclasm_vaults_ring_square, grunt_vaults_swirl,
          hangedman_vaults_slice, v_rooms_6, nicolae_vaults_what_the_h,
          hangedman_vaults_stretched_pinwheel, hangedman_vaults_maws,
          ontoclasm_vaults_bender, grunt_vaults_diagonal, basic_altar
Crypt:1:  mu_enter_wizlab_6, grunt_crypt_arrival_guarded_gate
Crypt:2:  uniq_jorgrun, uniq_mennas
Crypt:3:  church_of_pain_bobbens
Depths:1: minmay_ambush_box, grunt_pan_entry_in_and_out,
          pf_hell_entry_tar_river, dpeg_stationary_puzzle
Depths:2: hangedman_pleasuredromes, serial_shops, hell_entry
Abyss:2:  hangedman_decor_lopped, evilmike_abyss_exit_smiterflies
Abyss:5:  due_evilmike_abyss_rune_seething_liches
Lab:      nicolae_lab_blocks
Sewer:    sewer_the_crocodile
Ossuary:  ossuary_tomb_3
WizLab:   wizlab_zonguldrok

Skill      XL: |  1  2  3  4  5  6  7  8  9 10 11 12 13 14 15 16 17 18 19 20 21 22 23 24 25 26 |
---------------+-------------------------------------------------------------------------------+-----
Staves         | 3 4 5 6 8 9 12 14 | 14.8
Fighting       | 6 8 12 14 15 16 | 16.0
Armour         | 8 12 14 16 | 16.0
Maces & Flails | 7 9 10 | 10.8
Invocations    | 5 6 13 | 13.0
Dodging        | 8 11 12 14 16 | 16.0
Shields        | 9 14 15 | 15.0
Evocations     | 10 12 | 12.0
Stealth        | 4 8 |  8.0
Hexes          | 8 9 |  9.0
Charms         | 8 9 |  9.0
Spellcasting   | 3 8 |  8.0
Crossbows      | 11 15 18 | 18.0
Translocations | 7 |  7.5

Action                   |  1- 3 |  4- 6 |  7- 9 | 10-12 | 13-15 | 16-18 | 19-21 | 22-24 | 25-27 || total
-------------------------+-------+-------+-------+-------+-------+-------+-------+-------+-------++-------
Melee: Quarterstaff      |    99 |   123 |   254 |     5 |       |       |       |       |       ||   481
       Morningstar       |       |       |       |   631 |       |       |       |       |       ||   631
       Demon whip        |       |       |       |    95 |    41 |       |       |       |       ||   136
       Lajatang          |       |       |       |       |   897 |   874 |  1551 |  1433 |  1229 ||  5984
       Eveningstar       |       |       |       |       |     5 |       |       |       |       ||     5
 Fire: Arbalest          |       |       |       |       |       |       |     3 |   346 |   171 ||   520
 Cast: Spectral Weapon   |       |       |       |       |       |       |    55 |    21 |    16 ||    92
       Portal Projectile |       |       |       |       |       |       |       |       |     1 ||     1
Invok: Heroism           |       |       |       |     3 |     6 |     9 |     9 |     9 |     1 ||    37
       Finesse           |       |       |       |       |     2 |     3 |     3 |     6 |       ||    14
       Recite            |       |       |       |       |       |       |       |       |    18 ||    18
       Imprison          |       |       |       |       |       |       |       |       |     3 ||     3
       Vitalisation      |       |       |       |       |       |       |       |       |     2 ||     2
       Sanctuary         |       |       |       |       |       |       |       |       |     2 ||     2
       Donate Gold       |       |       |       |       |       |       |       |       |     1 ||     1
 Abil: Dig               |       |       |     3 |     9 |    16 |    17 |    13 |     1 |    19 ||    78
       Evoke Invisibilit |       |       |       |       |     7 |     5 |       |       |       ||    12
       Evoke Flight      |       |       |       |       |     1 |     2 |    23 |       |       ||    26
       Stop Flying       |       |       |       |       |       |       |     1 |       |       ||     1
  Use: Scroll            |       |       |     9 |     9 |    16 |     2 |    11 |     9 |     3 ||    59
       Potion            |       |       |       |       |     1 |     7 |       |     2 |    25 ||    35
 Stab: Paralysed         |       |     1 |     1 |       |       |       |       |       |       ||     2
       Petrifying        |       |       |     1 |       |       |       |       |       |       ||     1
       Distracted        |       |       |       |     1 |       |     2 |     4 |     5 |     2 ||    14
       Invisible         |       |       |       |       |    20 |    26 |       |       |     2 ||    48
       Confused          |       |       |       |       |       |       |       |       |     6 ||     6
  Eat: Chunk             |     1 |     3 |     6 |    25 |    31 |    18 |    26 |    22 |     3 ||   135
       Ration            |       |       |     1 |       |     1 |     2 |     5 |     2 |     8 ||    19
Armor: Scale mail        |    37 |    44 |       |       |       |       |       |       |       ||    81
       Plate armour      |       |     3 |    87 |       |       |       |       |    30 |       ||   120
       Chain mail        |       |       |    37 |   231 |       |    57 |       |       |       ||   325
       Storm dragon scal |       |       |       |     2 |   171 |    59 |   238 |   146 |   246 ||   862
Dodge: Dodged            |    26 |    35 |    38 |   187 |   207 |   182 |   421 |   303 |   364 ||  1763
Block: Shield            |    40 |    65 |   102 |   306 |       |       |   151 |   434 |       ||  1098
       Large shield      |       |       |       |    10 |   700 |   569 |  1428 |   838 |  1124 ||  4669

Table legend:
 A = Spawn XP
 B = Non-spawn XP
 C = Spawn XP percentage of total XP
 D = Spawn monster count
 E = Non-spawn monster count
 F = Spawn count percentage of total count
 G = Total turns spent on level
                    A         B        C        D         E        F      G
               +---------+---------+-------+---------+---------+-------+---------
         Total |   10951 | 1017832 |   1.1 |      20 |    2061 |   1.0 | 52051
               +---------+---------+-------+---------+---------+-------+---------
           D:1 |       0 |      49 |   0.0 |       0 |      26 |   0.0 |   852
           D:2 |       0 |     100 |   0.0 |       0 |      24 |   0.0 |   718
           D:3 |       0 |     368 |   0.0 |       0 |      34 |   0.0 |   652
           D:4 |       0 |     313 |   0.0 |       0 |       9 |   0.0 |   965
           D:5 |       0 |     730 |   0.0 |       0 |      14 |   0.0 |   564
           D:6 |       0 |     897 |   0.0 |       0 |      22 |   0.0 |   869
           D:7 |       0 |    2732 |   0.0 |       0 |      24 |   0.0 |   927
           D:8 |       0 |    6173 |   0.0 |       0 |      48 |   0.0 |  1898
           D:9 |       0 |    2629 |   0.0 |       0 |      35 |   0.0 |  1225
          D:10 |       0 |    2732 |   0.0 |       0 |      21 |   0.0 |  1095
          D:11 |       0 |   15698 |   0.0 |       0 |      53 |   0.0 |  2303
          D:12 |       0 |    7568 |   0.0 |       0 |      25 |   0.0 |   812
          D:13 |       0 |   10642 |   0.0 |       0 |      44 |   0.0 |   999
          D:14 |       0 |   12062 |   0.0 |       0 |      42 |   0.0 |   648
          D:15 |       0 |    9601 |   0.0 |       0 |      15 |   0.0 |   750
        Lair:1 |       0 |    2604 |   0.0 |       0 |      11 |   0.0 |   713
        Lair:2 |       0 |    2348 |   0.0 |       0 |      13 |   0.0 |   916
        Lair:3 |       0 |    4551 |   0.0 |       0 |      15 |   0.0 |  1032
        Lair:4 |       0 |    4987 |   0.0 |       0 |      25 |   0.0 |   752
        Lair:5 |       0 |   16425 |   0.0 |       0 |      46 |   0.0 |  1303
        Lair:6 |       0 |   10504 |   0.0 |       0 |      40 |   0.0 |  1171
      Shoals:1 |       0 |   15000 |   0.0 |       0 |      36 |   0.0 |   816
      Shoals:2 |       0 |    5727 |   0.0 |       0 |      13 |   0.0 |   731
      Shoals:3 |       0 |   22839 |   0.0 |       0 |      50 |   0.0 |  1006
      Shoals:4 |       0 |   47380 |   0.0 |       0 |      83 |   0.0 |   988
       Snake:1 |       0 |   18970 |   0.0 |       0 |      32 |   0.0 |   817
       Snake:2 |       0 |   32566 |   0.0 |       0 |      63 |   0.0 |  1077
       Snake:3 |       0 |   22390 |   0.0 |       0 |      39 |   0.0 |  1066
       Snake:4 |       0 |   76382 |   0.0 |       0 |     113 |   0.0 |  2245
         Orc:1 |       0 |    3567 |   0.0 |       0 |      35 |   0.0 |   539
         Orc:2 |       0 |    9974 |   0.0 |       0 |      45 |   0.0 |   738
         Elf:1 |       0 |   28385 |   0.0 |       0 |      46 |   0.0 |  1774
         Elf:2 |       0 |   33626 |   0.0 |       0 |      52 |   0.0 |  1501
         Elf:3 |       0 |   71040 |   0.0 |       0 |      66 |   0.0 |  2083
      Vaults:1 |       0 |   68992 |   0.0 |       0 |     115 |   0.0 |  2103
      Vaults:2 |       0 |   62293 |   0.0 |       0 |     102 |   0.0 |  2044
      Vaults:3 |       0 |   55408 |   0.0 |       0 |      98 |   0.0 |  1564
      Vaults:4 |       0 |   55286 |   0.0 |       0 |      90 |   0.0 |  1269
       Crypt:1 |       0 |   24694 |   0.0 |       0 |      49 |   0.0 |  1068
       Crypt:2 |       0 |   38490 |   0.0 |       0 |      42 |   0.0 |  1104
       Crypt:3 |       0 |   62507 |   0.0 |       0 |      92 |   0.0 |  1541
      Depths:1 |       0 |   60791 |   0.0 |       0 |      81 |   0.0 |  1528
      Depths:2 |       0 |   66049 |   0.0 |       0 |      63 |   0.0 |  1426
       Abyss:2 |   10951 |    2533 |  81.2 |      20 |       9 |  69.0 |   686
           Lab |       0 |    1215 |   0.0 |       0 |       1 |   0.0 |   296
         Sewer |       0 |     114 |   0.0 |       0 |       6 |   0.0 |    98
       Ossuary |       0 |     151 |   0.0 |       0 |      16 |   0.0 |   180
        WizLab |       0 |   17750 |   0.0 |       0 |      38 |   0.0 |   445
               +---------+---------+-------+---------+---------+-------+---------
